 Dungeon Crawl Stone Soup version 0.25.1-8-g42b30a86e7 (webtiles) character file.

Game seed: 3764239775694418549

938 Clowwww the Chopper (level 7, 0/54 HPs)
             Began as a Demonspawn Fighter on Dec 19, 2020.
             Was an Initiate of Makhleb.
             Slain by a two-headed ogre
             ... wielding a +0 giant club
              (12 damage)
             ... on level 5 of the Dungeon.
             The game lasted 00:12:30 (5249 turns).

Clowwww the Chopper (Demonspawn Fighter)            Turns: 5249, Time: 00:12:31

Health: 0/54       AC: 11    Str: 19    XL:     7   Next: 87%
Magic:  7/7        EV:  8    Int:  9    God:    Makhleb [......]
Gold:   280        SH:  9    Dex: 14    Spells: 6/6 levels left

rFire    + + .     SeeInvis .   a - +0 war axe
rCold    x x .     Gourm    .   c - +0 kite shield
rNeg     . . .     Faith    .   b - +0 scale mail
rPois    .         Spirit   .   (helmet restricted)
rElec    .         Reflect  .   l - +2 cloak
rCorr    .         Harm     .   (no gloves)
MR       .....                  r - +0 pair of boots
Stlth    +.........             (no amulet)
HPRegen  0.18/turn              s - ring of fire
MPRegen  0.10/turn              t - ring of fire

@: no status effects
A: antennae 2, thin skeletal structure 1, demonic guardian 1
a: Renounce Religion


You were on level 5 of the Dungeon.
You worshipped Makhleb.
Makhleb was noncommittal.
You were very hungry.

You visited 1 branch of the dungeon, and saw 5 of its levels.
You also visited: Sewer.

You collected 280 gold pieces.

Inventory:

Hand Weapons
 a - a +0 war axe (weapon)
Armour
 b - a +0 scale mail (worn)
 c - a +0 kite shield (worn)
 l - a +2 cloak (worn)
 r - a +0 pair of boots (worn)
Jewellery
 s - a ring of fire (left hand)
 t - a ring of fire (right hand)
 y - a +4 ring of evasion {unknown}
Wands
 i - a wand of polymorph (3)
 u - a wand of flame (1)
 x - a wand of digging (2)
Scrolls
 h - 2 scrolls of remove curse
 n - a scroll of enchant weapon {unknown}
 v - a scroll of fear
 w - a scroll of amnesia {unknown}
Potions
 d - a potion of might
 e - 2 potions of magic
 g - a potion of stabbing
 j - 3 potions of haste
 k - 3 potions of curing
 m - 2 potions of flight {unknown}
 o - a potion of heal wounds
 p - 2 potions of cancellation
 q - 2 potions of brilliance {unknown}
 z - a potion of resistance {unknown}
Comestibles
 f - 5 rations


   Skills:
 + Level 4.1 Fighting
 + Level 5.6 Axes
 + Level 4.4 Armour
 + Level 1.7 Dodging
 + Level 1.0 Stealth
 + Level 4.3 Shields
 + Level 0.7 Evocations


You had 6 spell levels left.
You didn't know any spells.
Your spell library was empty.

Dungeon Overview and Level Annotations

Branches:
Dungeon (5/15)              Sewer (visited)
 Temple: D:4-7

Altars:
Ashenzari
Makhleb
Nemelex Xobeh
Vehumet
Xom
Yredelemnul


Innate Abilities, Weirdness & Mutations

You have a pair of antennae on your head.
You have a somewhat thin skeletal structure. (Dex +2, Stealth)
A weak demonic guardian rushes to your aid.


Message History

Press: ? - help, Shift-Dir - straight line, f - two-headed ogre
Aim: a two-headed ogre, wielding a +0 giant club and a -2 giant club The puff of flame hits the two-headed ogre.
The two-headed ogre is lightly wounded.
Your shadow imp gestures at the two-headed ogre.
The two-headed ogre resists with significant effort.
Your shadow imp hits the two-headed ogre.
Your shadow imp hits the two-headed ogre.
Your shadow imp barely misses the two-headed ogre.
You hit the two-headed ogre.
The two-headed ogre is moderately wounded.
The two-headed ogre hits you with a +0 giant club.
The two-headed ogre hits you with a cursed -2 giant club!!
Your shadow imp hits the two-headed ogre.
You hit the two-headed ogre.
The two-headed ogre is moderately wounded.
The two-headed ogre hits you with a +0 giant club!!
* * * LOW HITPOINT WARNING * * *
The two-headed ogre hits you with a cursed -2 giant club!
You die...

.# . #.#
.. #^# !..
..# ...
#># .. #.#
...##5##.#
......O@.#
#####.##.#
# #.# #.#
#.# { #.#
#.# #.#
#.#


You could see a two-headed ogre and a friendly shadow imp (summoned).

Vanquished Creatures
  Edmund (D:5)
  Purgy (Sewer)
  2 ogres (D:4)
  A centaur (D:4)
  A bullfrog (D:2)
  A crimson imp (D:3)
  A hound (D:5)
  3 orc priests (D:3)
  A jelly (D:5)
  2 worker ants (D:4)
  Robin (D:3)
  8 adders
  2 river rats (D:3)
  A dart slug (D:2)
  3 leopard geckos
  8 orcs
  6 ball pythons
  5 bats
  5 giant cockroaches
  14 goblins
  10 hobgoblins
  3 jackals (D:3)
  A quokka (D:5)
  12 frilled lizards
  8 kobolds
  A quokka skeleton (D:4)
  10 rats
112 creatures vanquished.

Vanquished Creatures (collateral kills)
  A hound (D:5)
  A centaur skeleton (D:5)
  2 orcs (D:3)
4 creatures vanquished.

Grand Total: 116 creatures vanquished

Notes
Turn   | Place    | Note
-------+----------+-------------------------------------------
     0 | D:1      | Clowwww the Demonspawn Fighter began the quest for the Orb.
     0 | D:1      | Reached XP level 1. HP: 18/18 MP: 1/1
   418 | D:1      | Reached skill level 2 in Axes
   418 | D:1      | Gained mutation: You have a pair of small antennae on your
                  | head. [demonic ancestry]
   418 | D:1      | Reached XP level 2. HP: 20/24 MP: 2/2
  1099 | D:2      | Gained mutation: You have a pair of antennae on your head.
                  | [demonic ancestry]
  1099 | D:2      | Reached XP level 3. HP: 29/29 MP: 3/3
  1562 | D:2      | Noticed a bullfrog
  1571 | D:2      | Killed a bullfrog
  1571 | D:2      | Reached skill level 3 in Axes
  1571 | D:2      | Reached XP level 4. HP: 18/35 MP: 4/4
  1740 | D:2      | Found a shattered altar of Ashenzari.
  2252 | D:3      | Gained mutation: A weak demonic guardian rushes to your
                  | aid. [demonic ancestry]
  2252 | D:3      | Reached XP level 5. HP: 41/41 MP: 5/5
  2406 | D:3      | Found a glowing drain.
  2422 | Sewer    | Entered a sewer
  2695 | Sewer    | Noticed Purgy
  2704 | Sewer    | Killed Purgy
  2704 | Sewer    | Reached skill level 4 in Axes
  2704 | Sewer    | Reached skill level 1 in Dodging
  2704 | Sewer    | Gained mutation: You have a somewhat thin skeletal
                  | structure. (Dex +2, Stealth) [demonic ancestry]
  2704 | Sewer    | Reached XP level 6. HP: 36/47 MP: 6/6
  2843 | D:3      | Noticed Robin
  2856 | D:3      | Killed Robin
  2935 | D:3      | Found a transporter.
  3024 | D:3      | Found a transporter.
  3436 | D:3      | Found a shimmering altar of Xom.
  3437 | D:3      | Found a burning altar of Makhleb.
  3454 | D:3      | Became a worshipper of Makhleb the Destroyer
  3880 | D:4      | Found a radiant altar of Vehumet.
  3893 | D:4      | Reached XP level 7. HP: 37/53 MP: 7/7
  4013 | D:4      | Found a basalt altar of Yredelemnul.
  4063 | D:4      | Found a sparkling altar of Nemelex Xobeh.
  4151 | D:4      | Reached skill level 5 in Axes
  4774 | D:5      | Entered Level 5 of the Dungeon
  4774 | D:5      | Noticed Edmund
  4797 | D:5      | Killed Edmund
  5161 | D:5      | Reached skill level 1 in Stealth
  5242 | D:5      | Noticed a two-headed ogre
  5249 | D:5      | Slain by a two-headed ogre

Illustrated notes

Levels and vault maps discovered:
D:1:      mrwooster_arrival_statue_3, layout_loops_ring
D:2:      layout_loops_ring, lemuel_crystal_altar, kennysheep_generic_room_7
D:3:      gammafunk_wand_slinger, layout_basic,
          grunt_temple_overflow_champion_of_chaos, portal_sewer_entry_e,
          uniq_robin
D:4:      layout_gridville, vehumet_crystals, nicolae_overflow_hidden_temple,
          nemelex_xobeh_ov_fountains_minmay, first_ration,
          yredelemnul_altar_generic
D:5:      layout_loops_ring, nicolae_tso_besieged_by_evil, uniq_menkaure,
          uniq_edmund

Skill      XL: |  1  2  3  4  5  6  7 |
---------------+----------------------+-----
Axes           | 2 3 4 5 |  5.6
Armour         | 3 4 |  4.4
Shields        | 3 4 |  4.3
Dodging        | 1 |  1.7
Fighting       | 4 |  4.1
Stealth        | 1 |  1.0
Evocations     | |  0.7

Action                   |  1- 3 |  4- 6 |  7- 9 || total
-------------------------+-------+-------+-------++-------
Melee: War axe           |   123 |   197 |    90 ||   410
Evoke: Wand              |       |     6 |     5 ||    11
  Use: Scroll            |       |    12 |       ||    12
       Potion            |       |     1 |     1 ||     2
 Stab: Distracted        |       |       |     1 ||     1
  Eat: Chunk             |     2 |     5 |     3 ||    10
       Ration            |       |     1 |       ||     1
Armor: Scale mail        |    63 |   111 |    41 ||   215
Dodge: Dodged            |    32 |    78 |    29 ||   139
Block: Kite shield       |    70 |   121 |    46 ||   237
